 Dungeon Crawl Stone Soup version 0.31-a0-188-g5e087ee2ca (webtiles) character file.

Game seed: 7096647056870573777

53 qw the Shooter (level 3, -2/20 HPs)
             Began as a Deep Elf Hunter on June 23, 2023.
             Slain by a hobgoblin (3 damage)
             ... on level 2 of the Dungeon.
             The game lasted 00:00:22 (1464 turns).

qw the Shooter (Deep Elf Hunter)                    Turns: 1464, Time: 00:00:23

Health: -2/20      AC:  6    Str: 10    XL:     3   Next: 64%
Magic:  5/5        EV: 11    Int: 13    God:
Gold:   105        SH:  0    Dex: 18    Spells: 2/2 levels left

rFire   . . .        Y - +0 shortbow
rCold   . . .        (shield currently unavailable)
rNeg    + . .        k - +0 ring mail
rPois   .            (no helmet)
rElec   .            (no cloak)
rCorr   .            (no gloves)
SInv    .            e - +0 pair of boots
Will    .....        (no amulet)
Stlth   +            d - ring of positive energy
HPRegen 0.23/turn    (no ring)
MPRegen 0.09/turn

%: no passive effects
@: no status effects
A: no striking features
a: no special abilities


You were on level 2 of the Dungeon.
You visited 1 branch of the dungeon, and saw 2 of its levels.

You collected 105 gold pieces.


   Skills:
 - Level 1.5 Fighting
 + Level 7.1 Ranged Weapons
 - Level 2.4 Dodging
 - Level 1.2 Stealth


You had 2 spell levels left.
You didn't know any spells.
Your spell library was empty.

Inventory:

Hand Weapons
 Y - a +0 shortbow (weapon)
Armour
 e - a +0 pair of boots (worn)
 k - a +0 ring mail (worn)
Jewellery
 a - an amulet of guardian spirit
 d - a ring of positive energy (left hand)
Potions
 g - a potion of might {unknown}
 h - a potion of experience {unknown}
 i - a potion of curing
 l - a potion of attraction {unknown}

Dungeon Overview and Level Annotations

Branches:
Dungeon (2/15)

Altars:
Sif Muna


Message History

The adder bites you but does no damage.
You shoot an arrow. The arrow closely misses the adder.
You feel sick. The adder closely misses you.
The hobgoblin completely misses you. The rat bites you but does no damage.
You shoot an arrow. The arrow hits the adder!
The adder is almost dead.
You feel sick. The adder closely misses you. The rat barely misses you.
The hobgoblin hits you. The adder bites you but does no damage.
You shoot an arrow. The arrow closely misses the adder.
You feel sick. The hobgoblin closely misses you. The rat completely misses you.
The adder barely misses you.
You shoot an arrow. The arrow hits the adder.
You kill the adder!
You feel sick.
The hobgoblin hits you but does no damage.
The rat bites you but does no damage.
The hobgoblin hits you but does no damage.
The rat closely misses you.
You shoot an arrow. The arrow hits the worm!
The worm is heavily wounded.
You feel sick.
You are no longer poisoned.
The hobgoblin barely misses you. The rat bites you.
You shoot an arrow.
The arrow hits the worm but does no damage.
The worm is heavily wounded.
The worm bites you but does no damage. The rat bites you but does no damage.
The hobgoblin closely misses you.
You shoot an arrow. The arrow barely misses the worm.
The hobgoblin barely misses you. The rat bites you but does no damage.
The worm bites you.
You shoot an arrow. The arrow hits the worm.
The worm is almost dead.
The hobgoblin barely misses you. The rat closely misses you.
You shoot an arrow. The arrow barely misses the worm.
The hobgoblin closely misses you. The rat bites you.
The worm closely misses you. The hobgoblin hits you. The rat bites you.
You shoot an arrow. The arrow barely misses the worm.
The worm closely misses you. The rat closely misses you.
The hobgoblin hits you.
You die...

.###..##.####
.##
..#.)###....##
..# ..#.##
####..###.#
..#.###
##...#.#
)...).# ###.#.#
....#.# #.#.##
....#.###
#....##
........#
###...##...
...####...
#@.....# ..##
... #rgw......
..# ..
........... ..#
.............
.##
.....##........
.# ....[
#........ ##
.... #........
.... .........
#


You could see a worm, a hobgoblin and a rat.

Vanquished Creatures
  2 adders (D:2)
  A worm (D:1)
  A dart slug (D:1)
  2 bats (D:1)
  2 endoplasms
  4 goblins
  2 hobgoblins (D:1)
  A quokka (D:1)
  3 ball pythons
  3 frilled lizards
  6 kobolds
  3 rats (D:1)
30 creatures vanquished.

Notes
Turn   | Place    | Note
-------+----------+-------------------------------------------
     0 | D:1      | qw the Deep Elf Hunter began the quest for the Orb.
     0 | D:1      | Reached XP level 1. HP: 12/12 MP: 3/3
     0 | D:1      | 0 ||| qw: Version: 0.3-a-9-g12657ce
     0 | D:1      | 0 ||| qw: Game counter: 4264
     0 | D:1      | 0 ||| qw: Always use a shield: true
     0 | D:1      | 0 ||| qw: God list: Okawaru
     0 | D:1      | 0 ||| qw: Allow faded altars: false
     0 | D:1      | 0 ||| qw: Do Orc after D:15 true
     0 | D:1      | 0 ||| qw: Do second Lair branch before Depths: true
     0 | D:1      | 0 ||| qw: Lair rune preference: random
     0 | D:1      | 0 ||| qw: Plans: Normal
     0 | D:1      | 0 ||| PLANNING D:1-11
   391 | D:1      | Reached skill level 6 in Ranged Weapons
   391 | D:1      | Reached XP level 2. HP: 16/16 MP: 4/4
  1131 | D:1      | 1131 ||| UPGRADING to +0 pair of boots.
  1136 | D:1      | 1136 ||| UPGRADING to +0 ring mail.
  1146 | D:1      | 1146 ||| DROPPING +0 leather armour.
  1147 | D:1      | 1147 ||| UPGRADING to ring of positive energy.
  1148 | D:1      | 1148 ||| READING 2 scrolls labelled SYKET SIUKESTRAFE.
  1149 | D:1      | 1149 ||| READING scroll labelled HISYSIC XAIFI.
  1150 | D:1      | 1150 ||| DRINKING 2 fuming sapphire potions.
  1151 | D:1      | 1151 ||| DROPPING scroll of fear.
  1152 | D:1      | 1152 ||| DROPPING scroll of butterflies.
  1225 | D:2      | Reached XP level 3. HP: 20/20 MP: 5/5
  1348 | D:2      | Found a shimmering blue altar of Sif Muna.
  1453 | D:2      | Reached skill level 7 in Ranged Weapons
  1463 | D:2      | HP: 5/20 [rat (2)]
  1463 | D:2      | HP: 2/20 [hobgoblin (3)]
  1464 | D:2      | Slain by a hobgoblin

Levels and vault maps discovered:
D:1:      dpeg_arrival_brainrot, layout_basic, serial_corexii_hall,
          corexii_hall_statues_i, corexii_hall_statues_i
D:2:      layout_rooms, basic_altar

Skill      XL: |  1  2  3 |
---------------+----------+-----
Ranged Weapons | 6 7 |  7.1
Fighting       | |  1.5
Dodging        | |  2.4
Stealth        | |  1.2

Action                     || total
---------------------------++-------
   Fire: Shortbow          ||    88
    Use: Scroll            ||     2
         Potion            ||     1
 Armour: Leather armour    ||     1
         Ring mail         ||    19
  Dodge: Dodged            ||    37

Table legend:
 A = Non-vault XP
 B = Vault XP
 C = Vault XP percentage of total XP
 D = Non-vault monster count
 E = Vault monster count
 F = Vault count percentage of total count
                 A         B        C        D         E       F
            +---------+---------+-------+---------+---------+-------
      Total |      72 |       5 |   6.5 |      29 |       1 |   3.3
            +---------+---------+-------+---------+---------+-------
        D:1 |      31 |       5 |  13.9 |      18 |       1 |   5.3
        D:2 |      41 |       0 |   0.0 |      11 |       0 |   0.0
            +---------+---------+-------+---------+---------+-------
